Description

.

Replay - B2GM - TvP - Diamond 3 - Game 9

Build Order

Get SALT Encoding   

  12  0:00  SCV  
  13  0:13  SCV  
  14  0:17  Supply Depot  
  14  0:25  SCV  
  15  0:38  SCV  
  15  0:40  Barracks  
  16  0:43  Refinery  
  16  0:53  SCV  
  17  1:05  SCV  
  18  1:17  SCV  
  19  1:29  SCV  
  20  1:34  Command Center  
  20  1:35  Reaper  
  21  1:46  Orbital Command  
  21  1:59  Supply Depot  
  21  2:13  SCV  
  22  2:17  Factory  
  22  2:20  Refinery  
  22  2:25  SCV  
  23  2:41  Barracks Tech Lab  
  24  2:48  Orbital Command  
  24  2:50  Supply Depot  
  31  3:20  Cyclone, Mag-Field Accelerator  
  31  3:31  Supply Depot  
  32  3:41  Factory  
  34  3:48  Barracks Reactor  
  34  3:54  Supply Depot  
  36  3:56  Cyclone  
  40  4:05  Engineering Bay  
  43  4:26  Factory  
  44  4:38  Cyclone  
  49  4:39  Hellion x2  
  49  4:44  Command Center  
  55  4:55  Refinery x2  
  55  4:59  Missile Turret  
  57  5:08  Hellion x2  
  57  5:09  Factory Tech Lab  
  62  5:17  Cyclone  
  68  5:29  Cyclone  
  72  5:41  Hellion x2  
  77  5:49  Cyclone  
  81  5:59  Command Center  
  81  6:06  Cyclone, Hellion x2  
  88  6:19  Orbital Command  
  88  6:28  Cyclone  
  95  6:33  Hellion x2  
  95  6:38  Cyclone  
  100  6:45  Infernal Pre-Igniter  
  100  7:00  Cyclone  
  110  7:02  Refinery x2  
  110  7:08  Factory x2  
  118  7:22  Command Center  
  116  7:35  Armory x2  
  129  7:52  Missile Turret  
  129  7:54  Factory Tech Lab x2  
  129  8:00  Factory x2  
  133  8:15  Planetary Fortress  
  136  8:32  Siege Tank x4  
  148  8:38  Terran Vehicle Weapons Level 1  
  148  8:39  Terran Vehicle And Ship Armor Level 1  
  149  8:48  Command Center, Factory Reactor x2  
  147  9:10  Siege Tank x3  
  147  9:16  Missile Turret, Refinery x2  
  160  9:24  Factory x2  
  160  9:31  Thor  
  166  9:32  Hellbat x4  
  174  9:50  Thor  
  174  9:51  Hellbat x3  
Spawning Tool Build Advisor. Get it on Overwolf

Go to:

Details

  • Created by: XenoX101
  • Published on: May 10, 2020
  • Modified on: May 10, 2020
  • Patch: 4.11.0
Show
View Real Time Build Order
Export as new Build Order

Comments (0)

There are no comments. Be the first!

Create an account to comment!